 Dungeon Crawl Stone Soup version 0.31-a0-841-g038b102fc3 (webtiles) character file.

Game seed: 909538735878211741

260 Kurtz the Chopper (level 6, 0/42 HPs)
             Began as an Octopode Fighter on Sept 27, 2023.
             Was an Initiate of Okawaru.
             Slain by a black bear (5 damage)
             ... on level 5 of the Dungeon.
             The game lasted 00:03:01 (3729 turns).

Kurtz the Chopper (Octopode Fighter)                Turns: 3729, Time: 00:03:02

Health: 0/42       AC:  1    Str: 16    XL:     6   Next: 17%
Magic:  6/6        EV: 13    Int: 10    God:    Okawaru [......]
Gold:   122        SH:  4    Dex: 13    Spells: 5/5 levels left

rFire   . . .        a - +0 war axe
rCold   . . .        b - +0 buckler
rNeg    . . .        (helmet restricted)
rPois   +            (no amulet)
rElec   .            e - ring of willpower
rCorr   .            r - ring of poison resistance
SInv    .            (no ring)
Will    +....        (no ring)
Stlth   ++           (no ring)
HPRegen 0.27/turn    (no ring)
MPRegen 0.10/turn    (no ring)
                     (no ring)

%: no passive effects
@: mighty
A: almost no armour, amphibious, 8 rings, camouflage 1, gelatinous body 1,
(nimble swimmer 1), tentacles
a: Renounce Religion


You were on level 5 of the Dungeon.
You worshipped Okawaru.
Okawaru was noncommittal.
You visited 2 branches of the dungeon, and saw 6 of its levels.

You collected 164 gold pieces.
You spent 42 gold pieces at shops.

Inventory:

Hand Weapons
 a - a +0 war axe (weapon)
Missiles
 i - 9 poisoned darts
Armour
 b - a +0 buckler (worn)
Jewellery
 e - a ring of willpower (left tentacle)
 r - a ring of poison resistance (right tentacle)
 v - an amulet of regeneration
Wands
 k - a wand of flame (15)
 l - a wand of polymorph (13)
Scrolls
 d - 3 scrolls of identify {unknown}
 h - a scroll of blinking {unknown}
 j - a scroll of fear {unknown}
 m - a scroll of poison {unknown}
 n - 2 scrolls of revelation {unknown}
 o - a scroll of vulnerability {unknown}
 p - a scroll of summoning {unknown}
 t - a scroll of noise {unknown}
 u - a scroll of teleportation {unknown}
Potions
 f - 3 potions of curing
 g - a potion of brilliance {unknown}
 q - a potion of degeneration {unknown}
 s - a potion of mutation {unknown}
 w - a potion of haste {unknown}


   Skills:
 * Level 3.0 Fighting
 * Level 6.2 Axes
 - Level 3.0 Dodging
 - Level 3.0 Shields
 * Level 0.1 Invocations


You had 5 spell levels left.
You didn't know any spells.
Your spell library contained the following spells:

 Spells                   Type           Power      Damage    Failure   Level
 Kiss of Death            Conj/Necr      0%         2d5       43%         1
 Magic Dart               Conj           0%         1d3       43%         1
 Searing Ray              Conj           0%         2d4       58%         2
 Confusing Touch          Hex            0%         N/A       82%         3
 Dispel Undead            Necr           0%         3d6       99%         4
 Fulminant Prism          Conj/Hex       0%         3d5       99%         4
 Passage of Golubria      Tloc           0%         N/A       99%         4
 Yara's Violent Unravell  Hex/Tmut       0%         3d3       100%        5
 Tukima's Dance           Hex            Unusable   N/A       N/A         3

Dungeon Overview and Level Annotations

Branches:
Dungeon (5/15)             Temple (1/1) D:4

Altars:
Cheibriados
Dithmenos
Gozag
Hepliaklqana
Makhleb
Nemelex Xobeh
Okawaru
Ru
Sif Muna
Trog
Vehumet
Wu Jian
Yredelemnul
Zin
The Shining One

Shops:
D:2 !


Innate Abilities, Weirdness & Mutations

You cannot wear most types of armour.
You are amphibious.
You can wear up to eight rings at the same time.
Your skin changes colour to match your surroundings (Stealth+).
Your rubbery body absorbs attacks. (AC +1, EV +1)
((You are camouflaged when in or above water. (Stealth+)))
You have tentacles for arms and can constrict up to eight enemies at once.


Message History

The orc shouts!
The orc completely misses you.
A black bear comes into view.
The orc priest shouts!
You hit the orc. You grab the orc.
The orc is moderately wounded.
You constrict the orc. The orc hits you with a +0 dagger.
You hit the orc.
The orc is heavily wounded.
You barely miss the black bear. You barely miss the orc. You constrict the orc.
The black bear bites you. The black bear claws you. The black bear misses you.
The orc barely misses you.
The orc priest casts a cantrip, but nothing happens.
You slash the orc!
You kill the orc!
Okawaru accepts your kill.
You closely miss the black bear. You closely miss the orc.
The black bear bites you!
The black bear claws you but does no damage.
The black bear misses you. The orc barely misses you. The black bear bites you.
The black bear misses you. The black bear claws you. The orc misses you.
The orc priest hits you with a +0 dagger.
An orc comes into view. It is wielding a +0 trident.
Things that are here:
a +0 dagger; a +0 chain mail; an orc corpse Unknown command.
You feel very mighty all of a sudden. The black bear bites you.
* * * LOW HITPOINT WARNING * * *
The black bear misses you. The black bear claws you.
* * * LOW HITPOINT WARNING * * *
Unknown command.
The orc shouts!
You slash the black bear! You grab the black bear. You squeeze the black bear.
The black bear is almost dead.
You constrict the black bear. You block the black bear's attack.
The black bear claws you.
* * * LOW HITPOINT WARNING * * *
The black bear claws you.
You die...

#........ #. #..##.####
#.##...≈≈≈≈.# #
....##....≈.# # #
o##..#.≈≈≈≈## # ##.
.##.#o.#### ## ..##.
..##..### #.
#..##.#..#...#####.
#.@#.##........##..
#....##ho..##..###.....
#.## #.##..#..####..##
#..##.#....####.#
##....##.....#..#
.##.#..........# .
.##..#.......# ##
..^###....###.# .##.
#...### ..


You could see a black bear and 2 orcs.

Vanquished Creatures
  Natasha (thrice) (D:3)
  An iguana (D:5)
  Robin (D:3)
  An adder (D:4)
  4 worms
  3 dart slugs
  10 orcs
  9 endoplasms
  2 giant cockroaches
  19 goblins
  9 hobgoblins
  7 jackals (D:3)
  7 kobolds
  4 quokkas
  7 ball pythons
  7 bats
  4 frilled lizards
  10 rats
108 creatures vanquished.

Notes
Turn   | Place    | Note
-------+----------+-------------------------------------------
     0 | D:1      | Kurtz the Octopode Fighter began the quest for the Orb.
     0 | D:1      | Reached XP level 1. HP: 16/16 MP: 1/1
   111 | D:1      | Reached XP level 2. HP: 21/21 MP: 2/2
   203 | D:1      | Reached skill level 3 in Axes
   620 | D:2      | Reached XP level 3. HP: 26/26 MP: 3/3
   672 | D:2      | Found Barphuiwke's Distillery.
   678 | D:2      | Found a faded altar of an unknown god.
   717 | D:2      | Bought a potion of curing for 42 gold pieces
   995 | D:2      | Reached skill level 4 in Axes
  1201 | D:3      | Reached XP level 4. HP: 31/31 MP: 4/4
  1403 | D:3      | Found a sparkling altar of Nemelex Xobeh.
  1833 | D:3      | Found a radiant altar of Vehumet.
  1904 | D:3      | Noticed Natasha
  1909 | D:3      | Killed Natasha
  2034 | D:3      | Noticed Natasha
  2039 | D:3      | Killed Natasha
  2040 | D:3      | Reached skill level 5 in Axes
  2040 | D:3      | Reached XP level 5. HP: 30/36 MP: 5/5
  2206 | D:3      | Noticed Robin
  2452 | D:3      | Killed Robin
  2639 | D:3      | Noticed Natasha
  2647 | D:3      | Killed Natasha
  3038 | D:4      | Found a staircase to the Ecumenical Temple.
  3042 | D:4      | Reached skill level 6 in Axes
  3047 | Temple   | Entered the Ecumenical Temple
  3062 | Temple   | Became a worshipper of Warmaster Okawaru
  3164 | D:4      | Reached XP level 6. HP: 37/42 MP: 6/6
  3485 | D:5      | Entered Level 5 of the Dungeon
  3723 | D:5      | Noticed a black bear
  3729 | D:5      | Slain by a black bear

Illustrated notes

Levels and vault maps discovered:
D:1:      nicolae_arrival_memento_mori, layout_loops_cross, minmay_bisected
D:2:      layout_rooms, serial_shops, shop, ebering_ecumenical_altar_mist,
          serial_bayou_ford_a
D:3:      kennysheep_goblin_castle, layout_loops_cross, lemuel_tele_altar,
          nemelex_xobeh_ov_fountains_minmay, uniq_natasha
D:4:      layout_loops_cross, minmay_temple_entry_steel_oval, corner_web_ring
D:5:      layout_layer_cave, corexii_hall_statues_l, nicolae_eternal_life,
          chequers_serial_rivers_micro_d
Temple:   dshaligram_water_room_temple

Skill      XL: |  1  2  3  4  5 |
---------------+----------------+-----
Axes           | 3 4 5 6 |  6.2
Fighting       | |  3.0
Dodging        | |  3.0
Shields        | |  3.0
Invocations    | |  0.1

Action                     |  1- 3 |  4- 6 || total
---------------------------+-------+-------++-------
  Melee: War axe           |    72 |   110 ||   182
         Constrict         |    16 |    26 ||    42
         Tentacles         |    10 |    19 ||    29
         Punch             |       |     3 ||     3
    Use: Potion            |       |     1 ||     1
   Stab: Sleeping          |     6 |    11 ||    17
         Distracted        |       |     1 ||     1
 Armour: Skin              |    23 |    65 ||    88
  Dodge: Dodged            |    48 |    77 ||   125
  Block: Buckler           |     9 |    24 ||    33

Table legend: (Time is in decaauts)
 A = Elapsed time spent in this place.
 B = Non-inter-level travel time spent in this place.
 C = Inter-level travel time spent in this place.
 D = Time resting spent in this place.
 E = Time spent auto-exploring this place.
 F = Levels seen in this place.
 G = Mean time per level.
                   A        B        C        D        E       F      G
               +--------+--------+--------+--------+--------+-----+--------+
         Total |   3785 |   3481 |    304 |    396 |   2430 |   6 |  630.8 |
       Dungeon |   3757 |   3466 |    291 |    396 |   2430 |   5 |  751.4 |
        Temple |     28 |     15 |     13 |      0 |      0 |   1 |   28.0 |
               +--------+--------+--------+--------+--------+-----+--------+

Top non-repeatable levels by time:
     D:3: 1450 daAuts
     D:4: 808 daAuts
     D:2: 632 daAuts
     D:1: 620 daAuts
     D:5: 244 daAuts
  Temple: 28 daAuts
